[Event "Late-Titled-Tuesday-Blitz-June-04-2024"]
[Site "Chess.com"]
[Date "2024.06.04"]
[Round "10"]
[White "PawnEatingZombie"]
[Black "NajdorfPlayerc5"]
[Result "1/2-1/2"]
[WhiteElo "2287"]
[BlackElo "2442"]
[TimeControl "180+1"]
[EndTime "15:54:58 PDT"]
[Termination "Game drawn by repetition"]

1. e4 c5 2. Nc3 d6 3. f4 g6 4. Nf3 Bg7 5. Bb5+ Bd7 6. a4 Nc6 7. d3 e6 8. O-O Nge7 9. Qe1 O-O 10. Kh1 a6 11. Bxc6 Nxc6 12. Nd1 b5 13. axb5 axb5 14. Rxa8 Qxa8 15. Ne3 Nd4 16. Nxd4 cxd4 17. Ng4 h5 18.
Nf2 Qc6 19. Qb4 Qc5 20. Qxc5 dxc5 21. e5 Bc6 22. Ne4 Bxe4 23. dxe4 Ra8 24. Rd1 Ra1 25.
Kg1 Bf8 26. Kf1 c4 27. Ke2 Bc5 28. Bd2 Rxd1 29. Kxd1 Kf8 30. Ke2 Ke7 31. Kf3 b4 32. h3 Kd7 33. g4 hxg4+ 34. hxg4 Kc6 35. f5 Kb5 36. Kf4 Be7 37. Kf3 d3 38. cxd3 cxd3 39. b3 Bc5 40. Kf4 Bd4 41. Kf3 Bxe5 42. Ke3 Bc3 43.
Kxd3 Bxd2 44. Kxd2 Kc5 45. fxg6 fxg6 46. Kd3 e5 47. Ke3 g5 48. Kd3 Kb5 49. Ke3 Kc5 50.
Kd3 Kb5 51. Ke3 Kc5 1/2-1/2

[Event "Late-Titled-Tuesday-Blitz-June-04-2024"]
[Site "Chess.com"]
[Date "2024.06.04"]
[Round "10"]
[White "Ramosha"]
[Black "GlavkonVVS"]
[Result "1-0"]
[WhiteElo "2635"]
[BlackElo "2544"]
[TimeControl "180+1"]
[EndTime "15:55:00 PDT"]
[Termination "Ramosha won by resignation"]

1. e4 Nf6 2. e5 Nd5 3. Nc3 Nb6 4. d4 d6 5. exd6 cxd6 6. a3 g6 7. Bd3 Bg7 8. Nge2 Nc6 9. Be3 e5 10. dxe5 dxe5 11. O-O Be6 12. Be4 O-O 13. b3 Qe7 14.
Qc1 Rac8 15. Rd1 Nd4 16. Bd3 Rfd8 17. Bxd4 exd4 18. Ne4 Bxb3 19. Qd2 Bd5 20. N2g3 Nc4 21. Qc1 h5 22. Re1 Ne5 23. Qd1 Qh4 24. Rb1 Ng4 25.
h3 Nxf2 26. Kxf2 f5 27. Kg1 fxe4 28. Nxe4 Bh6 29. Qf3 Be3+ 30. Rxe3 dxe3 31. Nf6+ Kg7 32. Nxd5 Qf2+ 33. Qxf2 exf2+ 34. Kxf2 Rxd5 35. Rxb7+ Kf6 36. Rxa7 Rd6 37. a4 Rc3 38. a5 Ra3 39. a6 Ra2 40.
Ke3 g5 41. Rh7 h4 42. Rh6+ Ke5 43. Rxd6 Kxd6 44. Ke4 Ke6 45. Bc4+ Kd6 46. Bxa2 1-0

[Event "Late-Titled-Tuesday-Blitz-June-04-2024"]
[Site "Chess.com"]
[Date "2024.06.04"]
[Round "10"]
[White "RantomOpening"]
[Black "Heliosis11"]
[Result "0-1"]
[WhiteElo "2536"]
[BlackElo "2408"]
[TimeControl "180+1"]
[EndTime "15:55:00 PDT"]
[Termination "Heliosis11 won by resignation"]

1. e4 c6 2. c4 e5 3. Nf3 d6 4. d4 Nd7 5. Nc3 Ngf6 6. Be2 Be7 7. O-O O-O 8. h3 Qc7 9. Be3 Re8 10. d5 Bf8 11. Rc1 c5 12. a3 a6 13. b4 b6 14. Nh2 g6 15. Qd2 Bg7 16. Rb1 Nf8 17. a4 Bd7 18. a5 cxb4 19. axb6 bxc3 20. Qxc3 Qb7 21. c5 Nxe4 22. Qc4 Nxc5 23. Bxc5 Rec8 24. Bxd6 Rxc4 25. Bxc4 Bb5 26. Bxb5 axb5 27. Rxb5 Rd8 28. Bc7 Rxd5 29. Rxd5 Qxd5 30. Rb1 Qb7 31. Ng4 f6 32. Ne3 Ne6 33. Nd5 Nxc7 34. bxc7 Qxb1+ 35. Kh2 Qc2 36. Ne7+ Kf7 37. c8=Q Qxc8 38. Nxc8 Ke6 39. Nb6 f5 40.
Na4 e4 41. Kg1 Bd4 42. Kf1 Kd5 43. Ke2 Kc4 44. f3 Kb4 45. fxe4 fxe4 46. Nb2 Bxb2 47.
Ke3 Kc5 48. Kxe4 Kd6 49. h4 Ke6 50. g4 Kf6 51. Kf4 Bc1+ 52. Kf3 h6 53. Ke4 g5 54. Kf3 Ke5 55. Kg3 Ke4 56. Kg2 Kf4 57. Kh3 Kf3 58. h5 Be3 59. Kh2 Kxg4 60. Kg2 Kxh5 61. Kh3 g4+ 62. Kg3 Kg5 63. Kh2 h5 64. Kg2 h4 65.
Kh2 g3+ 66. Kh1 Kg4 67. Kg2 h3+ 68. Kf1 g2+ 0-1

[Event "Late-Titled-Tuesday-Blitz-June-04-2024"]
[Site "Chess.com"]
[Date "2024.06.04"]
[Round "10"]
[White "DeTimmerman"]
[Black "jcibarra"]
[Result "0-1"]
[WhiteElo "2785"]
[BlackElo "2918"]
[TimeControl "180+1"]
[EndTime "15:55:05 PDT"]
[Termination "jcibarra won by resignation"]

1. b4 e5 2. Bb2 d6 3. b5 g6 4. c4 Bg7 5. a4 c5 6. Nc3 f5 7. g3 Nf6 8. Bg2 O-O 9. d3 Qe7 10. e3 f4 11. Nd5 Nxd5 12. Bxd5+ Be6 13. Bxe6+ Qxe6 14. gxf4 exf4 15. Bxg7 Kxg7 16. e4 f3 17. h4 Nd7 18. Kd2 Qf6 19. Ra2 a6 20. Qa1 Ne5 21.
Qc3 axb5 22. cxb5 Rad8 23. Kc2 d5 24. Nh3 dxe4 25. dxe4 Rd4 26. Kb1 Qxh4 27. Rd2 Qxe4+ 28. Rc2 Rb4+ 29. Kc1 Rc4 30. Ng5 Qf4+ 31. Qe3 Rxc2+ 32. Kxc2 Qxa4+ 33. Kb1 Qxb5+ 34. Kc1 Qc4+ 35. Kb1 Qb4+ 36. Kc1 Rf5 37. Rxh7+ Kg8 38. Qd2 Qxd2+ 39. Kxd2 Rxg5 40. Rxb7 Ng4 41. Rb8+ Kg7 42. Rb7+ Kh6 43. Ke1 Re5+ 44. Kf1 Re2 45. Rc7 Rxf2+ 0-1

[Event "Late-Titled-Tuesday-Blitz-June-04-2024"]
[Site "Chess.com"]
[Date "2024.06.04"]
[Round "10"]
[White "JoakimVonAnd"]
[Black "TigrVShlyape"]
[Result "1/2-1/2"]
[WhiteElo "2798"]
[BlackElo "2914"]
[TimeControl "180+1"]
[EndTime "15:55:06 PDT"]
[Termination "Game drawn by repetition"]

1. d4 d5 2. c4 c6 3. cxd5 cxd5 4. Nf3 Nf6 5. Nc3 a6 6. Bf4 Nc6 7. e3 Bg4 8. Rc1 Bxf3 9. Qxf3 e6 10. Bd3 Bd6 11. O-O Bxf4 12. Qxf4 O-O 13. Na4 Nd7 14.
Nc5 Nxc5 15. Rxc5 Qb8 16. Qh4 g6 17. Rfc1 Qd6 18. Qg5 Kg7 19. h4 h6 20. Qg4 Rac8 21.
g3 h5 22. Qe2 Ne7 23. b4 Rc6 24. b5 axb5 25. Bxb5 Rxc5 26. Rxc5 b6 27. Rc1 Rc8 28. Rxc8 Nxc8 29. Qc2 Qd8 30. a4 Nd6 31. Qc6 Kf6 32.
Bd3 Ke7 33. Kg2 Qd7 34. Qxb6 Qxa4 35. Qb8 Qe8 36. Qc7+ Qd7 37. Qb8 Qd8 38. Qa7+ Kf6 39.
Qc5 Kg7 40. Qa7 Ne8 41. Qb7 g5 42. hxg5 Qxg5 43. Qb8 Nf6 44. Qe5 Qxe5 45. dxe5 Ng4 46. Be2 Kg6 47. f4 Nxe3+ 48. Kh3 d4 49. Kh4 Ng2+ 50. Kh3 Ne3 51. Kh4 Nf5+ 52. Kh3 Kh6 53. Bd3 Ne3 54. Be2 Kg6 1/2-1/2

[Event "Late-Titled-Tuesday-Blitz-June-04-2024"]
[Site "Chess.com"]
[Date "2024.06.04"]
[Round "10"]
[White "Zhigalko_Sergei"]
[Black "BardArtem"]
[Result "1-0"]
[WhiteElo "2918"]
[BlackElo "2750"]
[TimeControl "180+1"]
[EndTime "15:55:08 PDT"]
[Termination "Zhigalko_Sergei won by resignation"]

1. e4 c5 2. Nf3 d6 3. Bb5+ Nd7 4. O-O a6 5. Bd3 b5 6. a4 Bb7 7. axb5 axb5 8. Rxa8 Qxa8 9. Nc3 b4 10. Nb5 Qc8 11. c3 bxc3 12. dxc3 Ngf6 13. Qa4 g6 14. e5 dxe5 15.
Nxe5 Bg7 16. Na7 Qa8 17. Nxd7 Nxd7 18. Bb5 O-O 19. Bxd7 Bxg2 20. Re1 Bh1 21. Bh3 Rd8 22. Qf4 e5 23. Qg5 h6 24. Qg3 Bd5 25. Nb5 Qb7 26. Na3 Kh7 27. Bg2 f5 28. Nc4 Bxg2 29. Qxg2 e4 30.
Qf1 Qf7 31. Qe2 Rd3 32. Ne3 f4 33. Ng2 Rd5 34. Qxe4 Re5 35. Qxf4 Rxe1+ 36. Nxe1 Qd5 37. Qf3 Qb3 38. Qe2 Qd5 39. Be3 Qh5 40. Qxh5 gxh5 41. Bxc5 1-0

[Event "Late-Titled-Tuesday-Blitz-June-04-2024"]
[Site "Chess.com"]
[Date "2024.06.04"]
[Round "10"]
[White "Fore_Man"]
[Black "Jahonas"]
[Result "0-1"]
[WhiteElo "2241"]
[BlackElo "2442"]
[TimeControl "180+1"]
[EndTime "15:55:08 PDT"]
[Termination "Jahonas won by resignation"]

1. Nf3 d5 2. d4 Nf6 3. c4 c6 4. cxd5 Nxd5 5. e4 Nf6 6. Nc3 Bg4 7. Be3 e6 8. h3 Bh5 9. Bd3 Be7 10. Qc2 Bg6 11.
Ne5 Nbd7 12. Nxg6 hxg6 13. Rd1 O-O 14. O-O e5 15. dxe5 Nxe5 16. Be2 Qa5 17. f4 Bc5 18. Bxc5 Qxc5+ 19. Kh2 Ned7 20. e5 Nd5 21. Bg4 Ne3 22.
Qd3 Nxf1+ 23. Rxf1 Rad8 24. Bxd7 Qe7 25. Rd1 g5 26.
Qf5 g6 27. Qg4 gxf4 28. e6 Kg7 29. Re1 Rxd7 30. exd7 Qxe1 31. Qxf4 Qe7 32. Qd4+ f6 33. Ne4 Rd8 34. Nc5 b6 35. Ne4 Rxd7 36. Qc4 Qe5+ 37.
Kg1 Rd1+ 38. Kf2 Qd4+ 39. Qxd4 Rxd4 40. Ke3 Rd7 41. b3 Kf7 42. Kf4 Ke6 43. g4 Rd1 44. h4 Ra1 45. h5 gxh5 46. gxh5 Rxa2 47. h6 Rh2 0-1

[Event "Late-Titled-Tuesday-Blitz-June-04-2024"]
[Site "Chess.com"]
[Date "2024.06.04"]
[Round "10"]
[White "Oleg_Papayan"]
[Black "cthulhuuu"]
[Result "0-1"]
[WhiteElo "2555"]
[BlackElo "2453"]
[TimeControl "180+1"]
[EndTime "15:55:10 PDT"]
[Termination "cthulhuuu won by resignation"]

1. e4 d6 2. d4 Nf6 3. Nc3 c6 4.
f4 Qb6 5. Nf3 Bg4 6. Be2 e6 7.
h3 Bxf3 8. Bxf3 d5 9. e5 Nfd7 10. Ne2 c5 11. c3 Nc6 12. O-O g6 13. Kh1 cxd4 14. cxd4 Be7 15. b3 O-O 16. f5 gxf5 17. Bh6 Rfe8 18. Qd2 Nf8 19. Bxf8 Rxf8 20. g4 Qb4 21. Qf4 fxg4 22. Rg1 Kh8 23. Rxg4 f5 24. exf6 Rxf6 25. Qe3 Raf8 26. Rag1 Qd6 27. Qg5 Rg6 28.
Qh5 Rxg4 29. Qxg4 Bf6 30. a4 Qe7 31. a5 Qf7 32. a6 bxa6 33. Nf4 Nxd4 34. Bxd5 exd5 35.
Nh5 Rg8 36. Qxg8+ Qxg8 37. Rxg8+ Kxg8 38. Nxf6+ Kf7 39. Nxd5 Nxb3 40. Nb4 a5 41. Nc6 a4 42. Nb4 a3 43. Kg2 Nc1 44. Kf3 a2 0-1

[Event "Late-Titled-Tuesday-Blitz-June-04-2024"]
[Site "Chess.com"]
[Date "2024.06.04"]
[Round "10"]
[White "Cuchulin"]
[Black "egnfanclub"]
[Result "0-1"]
[WhiteElo "2267"]
[BlackElo "2348"]
[TimeControl "180+1"]
[EndTime "15:55:10 PDT"]
[Termination "egnfanclub won on time"]

1. d4 d5 2. Bf4 Nf6 3. e3 Bf5 4. Nf3 e6 5. Bd3 Bg6 6. O-O Nbd7 7. Nbd2 Be7 8. Ne5 Nh5 9. Nxg6 hxg6 10. Be5 c5 11. c3 Nhf6 12. Bg3 Nh5 13. Qg4 Ndf6 14.
Qf3 c4 15. Bc2 Nxg3 16. Qxg3 b5 17. f4 a5 18. e4 dxe4 19. Nxe4 Nd5 20. Rae1 Bh4 21.
Qf3 Bxe1 22. Rxe1 O-O 23. Ng5 Nf6 24. Qh3 b4 25. Qh4 Re8 26. Re3 Kf8 27. Qh8+ Ke7 28. Qxg7 Rf8 29. Rxe6+ Kd7 30. Rxf6 Qe7 31. Rxf7 Rxf7 32.
Qxf7 Rf8 33. Ba4+ Kd6 34. Qxg6+ Kc7 35. Qc6+ Kb8 36. Qb6+ Kc8 37. Qa6+ Kb8 38. Qb5+ Kc8 39. Qxc4+ Kb8 40. Ne6 Rf6 41. Qb5+ Kc8 42. Qc6+ Kb8 43. Qb6+ Kc8 0-1

[Event "Late-Titled-Tuesday-Blitz-June-04-2024"]
[Site "Chess.com"]
[Date "2024.06.04"]
[Round "10"]
[White "azzbrn"]
[Black "Tol_Tol"]
[Result "1-0"]
[WhiteElo "2512"]
[BlackElo "2381"]
[TimeControl "180+1"]
[EndTime "15:55:11 PDT"]
[Termination "azzbrn won on time"]

1. e4 c5 2. c3 Nf6 3. e5 Nd5 4. d4 cxd4 5. Nf3 Nc6 6. Bc4 Nb6 7. Bb3 g6 8. h4 d6 9. Ng5 Nxe5 10. cxd4 h6 11.
dxe5 hxg5 12. Bxg5 Bf5 13. Qf3 Qd7 14. exd6 Qxd6 15.
O-O Bg7 16. Nc3 O-O 17. Rad1 Qb4 18. Rfe1 Bg4 19. Bxe7 Bxf3 20. Bxb4 Bxd1 21. Bxf8 Bxb3 22. Bxg7 Bxa2 23. Bf6 Be6 24. h5 gxh5 25. Re5 Kh7 26. Ne4 Nd5 27. Rxh5+ Kg6 28. Rg5+ Kh6 29. Rg3 Nxf6 30.
Nxf6 Rc8 31. Kh2 Rc4 32. b3 Rh4+ 33. Kg1 b5 34. Ng8+ Kh7 35. Nf6+ Kh6 36. f3 Bf5 37. Ng8+ Kh7 38. Nf6+ Kh6 39. Nd5 1-0

[Event "Late-Titled-Tuesday-Blitz-June-04-2024"]
[Site "Chess.com"]
[Date "2024.06.04"]
[Round "10"]
[White "Kostukov_Alex"]
[Black "zacachess"]
[Result "1-0"]
[WhiteElo "2316"]
[BlackElo "2491"]
[TimeControl "180+1"]
[EndTime "15:55:13 PDT"]
[Termination "Kostukov_Alex won on time"]

1. g3 e5 2. c4 Nf6 3. Bg2 c6 4. a3 d5 5. cxd5 cxd5 6. d4 e4 7. Bg5 Be7 8. Nc3 O-O 9. Nh3 Nc6 10. Nf4 Be6 11. O-O Qd7 12. e3 h6 13. Bxf6 Bxf6 14. f3 exf3 15. Qxf3 Ne7 16. Ncxd5 Nxd5 17. Nxd5 Bd8 18.
Rae1 Rc8 19. Nf4 b6 20. Nxe6 Qxe6 21. Re2 Bg5 22. h4 Bf6 23. Kh2 Qd6 24. Qg4 Rc7 25.
Be4 g6 26. Ref2 Bg7 27. h5 f5 28. Bxf5 gxf5 29. Rxf5 Rxf5 30. Rxf5 Rc2+ 31. Kh3 Qe7 32. Qf3 Rc8 33. d5 Rf8 34. e4 Rxf5 35. Qxf5 Qf6 36.
Qc8+ Kh7 37. Qe8 Qe5 38. Qg6+ Kg8 39. d6 Qf6 40. d7 Qxg6 41. d8=Q+ 1-0

[Event "Late-Titled-Tuesday-Blitz-June-04-2024"]
[Site "Chess.com"]
[Date "2024.06.04"]
[Round "10"]
[White "ncofre98"]
[Black "garfield_pg"]
[Result "0-1"]
[WhiteElo "2589"]
[BlackElo "2480"]
[TimeControl "180+1"]
[EndTime "15:55:14 PDT"]
[Termination "garfield_pg won by checkmate"]

1. e4 c5 2. Nf3 Nc6 3. Bb5 g6 4. O-O Bg7 5. Re1 e5 6. c3 Nge7 7. Na3 O-O 8. Nc4 d6 9. Ne3 h6 10.
d3 Be6 11. Bc4 Qd7 12. Bd5 Kh7 13. Qb3 Bxd5 14. exd5 Nd8 15. d4 cxd4 16. cxd4 e4 17. Nd2 f5 18. f3 f4 19. Nec4 e3 20. Ne4 Nf7 21. Qa3 Rfd8 22. b3 Nxd5 23. Bb2 b5 24.
Na5 Rac8 25. Rac1 b4 26. Qa4 Qxa4 27. bxa4 Ng5 28. Nc6 Rd7 29. Na5 Rxc1 30. Rxc1 Nxe4 31. fxe4 Nf6 32. Kf1 Nxe4 33. Ke2 d5 34. Nc6 g5 35. Nxb4 g4 36. Nd3 Rf7 37. Ne1 h5 38. Rc6 Bh6 39. Rc8 Nd2 40. Re8 f3+ 41. gxf3 gxf3+ 42. Nxf3 Nxf3 43. Re6 Ng1+ 44. Ke1 e2 45. Bc3 Bg5 46. Bd2 Bh4# 0-1

[Event "Late-Titled-Tuesday-Blitz-June-04-2024"]
[Site "Chess.com"]
[Date "2024.06.04"]
[Round "10"]
[White "lachesisQ"]
[Black "Aygehovit1992"]
[Result "1-0"]
[WhiteElo "3041"]
[BlackElo "2826"]
[TimeControl "180+1"]
[EndTime "15:55:15 PDT"]
[Termination "lachesisQ won by resignation"]

1. e4 c5 2. Nf3 e6 3. d4 cxd4 4. Nxd4 Nc6 5. Nc3 Qc7 6. Be3 a6 7. Qd2 Nf6 8. f3 b5 9. O-O-O Bb7 10. Kb1 Ne5 11. g4 Be7 12. g5 Nh5 13. Rg1 O-O 14. h4 Rac8 15. Qf2 b4 16. Na4 d5 17. f4 Nc4 18. Bxc4 dxc4 19. f5 Bxe4 20. fxe6 b3 21.
Nc3 bxc2+ 22. Nxc2 fxe6 23. Qe2 Bg6 24. Bc1 Qb6 25.
Be3 Qc6 26. Ka1 Rb8 27. Nd4 Qb7 28. Bc1 Nf4 29. Bxf4 Rxf4 30. Nxe6 Bd3 31. Qd2 Rxh4 32. Rge1 Bd6 33. Na4 Rh2 34. Qc3 Bb4 35. Qe5 Bxe1 36. Qxh2 Bc3 37. Nxc3 Re8 38. Nc5 Qf3 39. Nxd3 cxd3 40.
Qd2 Re3 41. a3 Qg3 42. Nd5 Rf3 43. Qc3 d2 44. Qxd2 Rxa3+ 45. bxa3 Qxa3+ 46. Kb1 Qb3+ 47. Kc1 Qc4+ 48. Qc2 1-0

[Event "Late-Titled-Tuesday-Blitz-June-04-2024"]
[Site "Chess.com"]
[Date "2024.06.04"]
[Round "10"]
[White "HajiyevKanan"]
[Black "MarceloPlaya"]
[Result "1-0"]
[WhiteElo "2522"]
[BlackElo "2371"]
[TimeControl "180+1"]
[EndTime "15:55:15 PDT"]
[Termination "HajiyevKanan won on time"]

1. d4 e6 2. Nf3 Nf6 3. c4 Bb4+ 4. Bd2 Bxd2+ 5. Qxd2 O-O 6. Nc3 d5 7. cxd5 exd5 8. e3 Qe7 9. Bd3 c6 10. O-O Ne4 11. Qc2 f5 12. Ne5 Nd7 13. f4 Ndf6 14.
Rab1 Bd7 15. b4 Be8 16. Nxe4 Nxe4 17. Bxe4 fxe4 18. Qc5 Qe6 19. a4 Rf6 20. b5 b6 21.
Qa3 Rc8 22. bxc6 Bxc6 23. Rfc1 Rff8 24. a5 Bd7 25. axb6 axb6 26. Qa7 Rxc1+ 27. Rxc1 Rc8 28. Rxc8+ Bxc8 29. Qc7 h5 30. Nc6 Kh7 31. Ne5 b5 32. Qb8 Qa6 33. h4 Qa3 34. Qxc8 Qxe3+ 35. Kh1 Qe1+ 36.
Kh2 Qxh4+ 37. Kg1 Qxf4 38. Qc5 e3 39. Nf3 e2 40. Qc2+ g6 41. Qxe2 b4 42. Qe7+ Kh6 43.
Qxb4 Qc1+ 44. Kf2 Qc2+ 45. Qd2+ 1-0

[Event "Late-Titled-Tuesday-Blitz-June-04-2024"]
[Site "Chess.com"]
[Date "2024.06.04"]
[Round "10"]
[White "Supelyel"]
[Black "KChor05"]
[Result "0-1"]
[WhiteElo "2418"]
[BlackElo "2622"]
[TimeControl "180+1"]
[EndTime "15:55:17 PDT"]
[Termination "KChor05 won on time"]

1. c4 Nf6 2. Nc3 g6 3. g3 d5 4.
cxd5 Nxd5 5. Bg2 Nb6 6. d4 Bg7 7. Nf3 O-O 8. O-O c6 9. b3 Bg4 10. e3 c5 11. Bb2 cxd4 12. Nb5 Nc6 13. Nbxd4 Nxd4 14. exd4 Nd5 15. h3 Bxf3 16. Qxf3 e6 17. Rfc1 Qb6 18. Qd3 Rfd8 19. a3 h5 20. Rc5 Nf4 21.
Qc4 Bxd4 22. Rb5 Bxf2+ 23. Kh1 Nxg2 24. Rxb6 Bxb6 25. Kxg2 Rd2+ 26. Kf3 Rxb2 27. Rd1 Rf2+ 28. Ke4 Rg2 29. Rd3 Rf8 30. b4 Re2+ 31. Kf3 Re5 32. a4 Rf5+ 33. Ke2 Rf2+ 34. Kd1 Rh2 35. a5 Bf2 36. h4 Rg2 37. Qc3 Kh7 38. Rf3 a6 39. Qc7 Kg7 40. Qxb7 Bxg3 41. Rxf7+ Rxf7 42. Qxg2 Bxh4 43. Qe2 Rd7+ 44. Kc2 Rc7+ 45. Kb3 Bf6 46. Qxe6 h4 47. Qb6 Rc3+ 48. Ka4 h3 49. b5 h2 50. Qc7+ Rxc7 0-1

[Event "Late-Titled-Tuesday-Blitz-June-04-2024"]
[Site "Chess.com"]
[Date "2024.06.04"]
[Round "10"]
[White "IlyaGrigorjev"]
[Black "Jospem"]
[Result "0-1"]
[WhiteElo "2867"]
[BlackElo "3043"]
[TimeControl "180+1"]
[EndTime "15:55:18 PDT"]
[Termination "Jospem won by resignation"]

1. d4 Nf6 2. c4 e6 3. Nc3 Bb4 4. e3 O-O 5. Bd3 d5 6. a3 Be7 7. cxd5 exd5 8. Nge2 Re8 9. O-O Nbd7 10. Rb1 Nf8 11.
b4 c6 12. f3 Ne6 13. Bd2 a5 14. Qc2 axb4 15. axb4 g6 16. Be1 Nh5 17. Bf2 Bf8 18. Ng3 Nf6 19. Nge2 Bg7 20. h3 Nh5 21. g4 Nf6 22. Kg2 Ng5 23. Nf4 Qd6 24. b5 Bd7 25.
bxc6 Bxc6 26. h4 Ne6 27. Bg3 Qd7 28. h5 Nf8 29. Qd2 Ra3 30. Ra1 Rxa1 31. Rxa1 Ne6 32. Rh1 Qe7 33. Nxe6 Qxe6 34. Bf4 Qd7 35. Be5 Nxg4 36.
fxg4 Bxe5 37. dxe5 d4+ 38. Ne4 Qxg4+ 39. Kf2 Bxe4 40.
Bxe4 Qxe4 41. Rh3 d3 42. hxg6 hxg6 43. e6 Qxe6 44. Rf3 Rd8 45. Qc3 d2 46. Rh3 Qxh3 47. Qg7+ Kxg7 0-1

[Event "Late-Titled-Tuesday-Blitz-June-04-2024"]
[Site "Chess.com"]
[Date "2024.06.04"]
[Round "10"]
[White "stollenmonster"]
[Black "HansOnTwitch"]
[Result "0-1"]
[WhiteElo "2885"]
[BlackElo "3137"]
[TimeControl "180+1"]
[EndTime "15:55:18 PDT"]
[Termination "HansOnTwitch won by resignation"]

1. e4 c6 2. d4 d5 3. e5 Bf5 4. Ne2 e6 5. Ng3 Bg6 6. h4 h6 7.
h5 Bh7 8. Bd3 Bxd3 9. cxd3 c5 10. dxc5 Bxc5 11. d4 Bb6 12. Qg4 Kf8 13. Be3 Nc6 14.
Nc3 Nge7 15. O-O Qd7 16. Rad1 Rc8 17. f4 Nf5 18. Nxf5 exf5 19. Qf3 Ne7 20. Bf2 Ba5 21.
Bh4 Bxc3 22. bxc3 b5 23. Qd3 Rc4 24. g4 g6 25. hxg6 Nxg6 26. Bf6 Rg8 27. Kh2 fxg4 28.
f5 Ne7 29. e6 Qc6 30. Qe3 Rxc3 31. Bxe7+ Kxe7 32. f6+ Kd8 33. e7+ Kd7 34. Qe5 Qd6 35.
Rf5 Re3 36. Qxd6+ Kxd6 37. Re5 Rh3+ 38. Kg2 Re8 39. Rc1 Rd3 40. Re2 Rxd4 41. Rec2 Rc4 42. Rxc4 bxc4 43. Kg3 Ke6 44. Rf1 h5 45. Kh4 d4 46.
Kg5 d3 47. Re1+ Kd5 48. Kh6 d2 49. Rf1 c3 50. Kg7 Ke6 51. Rf4 d1=Q 52. Re4+ Kf5 53.
Kxf7 Qd7 54. Re1 g3 55. Rf1+ Kg4 56. Kg7 Rxe7+ 57. fxe7 Qxe7+ 0-1

[Event "Late-Titled-Tuesday-Blitz-June-04-2024"]
[Site "Chess.com"]
[Date "2024.06.04"]
[Round "10"]
[White "The_Straightforward_Rook"]
[Black "rdarruda"]
[Result "1-0"]
[WhiteElo "2546"]
[BlackElo "2510"]
[TimeControl "180+1"]
[EndTime "15:55:18 PDT"]
[Termination "The_Straightforward_Rook won by resignation"]

1. d4 Nf6 2. c4 e5 3. dxe5 Ne4 4. Nf3 Nc6 5. Nbd2 Nc5 6. g3 Qe7 7. Bg2 Nxe5 8. O-O d6 9. b4 Ncd7 10. Bb2 g6 11. Nxe5 dxe5 12. c5 Bg7 13. Nc4 O-O 14. a3 c6 15. Nd6 Nf6 16. e3 Rb8 17. h3 Bd7 18. Qe2 Rfd8 19. Rfd1 Ne8 20. Nc4 f6 21. Rd2 Be6 22. Rad1 Rxd2 23. Rxd2 Rd8 24. Na5 Rxd2 25.
Qxd2 Qc7 26. h4 Bf8 27. Qd1 Be7 28. h5 Ng7 29. hxg6 hxg6 30. f4 exf4 31. gxf4 Kf7 32. Qd4 Nf5 33. Qd3 Nh4 34. Bh1 b6 35. cxb6 Qxb6 36.
Nxc6 Nf5 37. Nd4 Nxd4 38. Bxd4 Qc7 39. Be4 Qc1+ 40. Kh2 f5 41. Bg2 Qc7 42. Be5 Qc1 43. Bd4 Qc7 44. Bb2 Qb6 45. Bc3 Qc7 46. Bb2 Qb6 47.
Qc3 Qd6 48. Qg7+ Ke8 49. Qh8+ Kd7 50. Qd4 Qxd4 51. Bxd4 a6 52. Bf1 a5 53. bxa5 Bxa3 54. a6 Bd5 55. a7 Kc7 56. Bg2 Bxg2 57. Kxg2 Kb7 58. Kg3 Bc1 59. Kh4 Ba3 60. Kg5 1-0

[Event "Late-Titled-Tuesday-Blitz-June-04-2024"]
[Site "Chess.com"]
[Date "2024.06.04"]
[Round "10"]
[White "ManMish2"]
[Black "Kirill_Klukin"]
[Result "0-1"]
[WhiteElo "2647"]
[BlackElo "2845"]
[TimeControl "180+1"]
[EndTime "15:55:19 PDT"]
[Termination "Kirill_Klukin won on time"]

1. e4 c5 2. c3 g6 3. d4 cxd4 4. cxd4 d5 5. exd5 Bg7 6. Nc3 Nf6 7. Bb5+ Nbd7 8. Nf3 O-O 9. O-O Nb6 10. Bg5 Nfxd5 11. Re1 Be6 12. Ne4 a6 13. Bf1 Nd7 14. Rc1 h6 15. Bh4 Qb6 16. Qd2 Rac8 17. Nc3 N7f6 18. Ne5 Rfd8 19. g3 g5 20. Bxg5 hxg5 21. Qxg5 Qxb2 22.
Nd3 Qa3 23. Nxd5 Nxd5 24. Nc5 Rxc5 25. dxc5 Kf8 26. Bg2 Qxa2 27. h4 Qb2 28. Rcd1 Qf6 29. Qd2 Rd7 30. Qc2 Nb4 31. Qe4 Nc6 32. Rxd7 Bxd7 33.
h5 Qf5 34. Qe2 Qxc5 35. Qd2 Qd6 36. Qg5 Bh6 37. Qh4 Nd4 38. Qe4 Kg7 39. Qxb7 Be6 40. Qb2 Bg5 41. Rd1 Bf6 42. Qd2 a5 43. h6+ Kh8 44. Be4 a4 45. Qc1 Qd8 0-1

[Event "Late-Titled-Tuesday-Blitz-June-04-2024"]
[Site "Chess.com"]
[Date "2024.06.04"]
[Round "10"]
[White "StellarChess"]
[Black "CarlosjPineror"]
[Result "1-0"]
[WhiteElo "2551"]
[BlackElo "2671"]
[TimeControl "180+1"]
[EndTime "15:55:19 PDT"]
[Termination "StellarChess won by resignation"]

1. d4 Nf6 2. Bg5 d5 3. Bxf6 gxf6 4. e3 c5 5. dxc5 Qa5+ 6. Nc3 e6 7. Bb5+ Nc6 8. a3 Bg7 9. b4 Qc7 10. Nge2 a6 11. Ba4 O-O 12. O-O f5 13. Rb1 Ne5 14.
Bb3 Bd7 15. h3 Rfc8 16. Nd4 b6 17. cxb6 Qxb6 18. Nce2 Bb5 19. Nxb5 axb5 20. Qc1 Nc4 21. Bxc4 Rxc4 22. Nf4 Rac8 23. Nh5 Rxc2 24. Qd1 Be5 25. Qf3 Kf8 26. Kh1 Ke7 27. Nf4 Qc7 28. Nd3 Qc3 29. Nc5 Bd6 30. Qh5 Bxc5 31. bxc5 Rxc5 32.
Qxh7 Qf6 33. a4 Rc8 34. Qh5 bxa4 35. Rb7+ R2c7 36. Rfb1 Kd7 37. Qe2 Qc3 38. Qb5+ Ke7 39. Qxa4 Kf6 40. Qh4+ Kg7 41. Qg5+ Kf8 42. Rxc7 Qxc7 43.
Rb4 Qc1+ 44. Kh2 Qc7+ 45. g3 Qe7 46. Qh6+ Ke8 47. Rb2 Kd7 48. Qf4 Rc7 49. Rb8 Qd6 50. Rd8+ Kxd8 51. Qxd6+ Kc8 52. Qf8+ Kb7 53. h4 1-0

[Event "Late-Titled-Tuesday-Blitz-June-04-2024"]
[Site "Chess.com"]
[Date "2024.06.04"]
[Round "10"]
[White "malti"]
[Black "teresin05"]
[Result "0-1"]
[WhiteElo "2138"]
[BlackElo "2316"]
[TimeControl "180+1"]
[EndTime "15:55:19 PDT"]
[Termination "teresin05 won by checkmate"]

1. e4 c5 2. Nf3 Nc6 3. d4 cxd4 4.
Nxd4 Nf6 5. Nc3 d6 6. Bc4 e6 7.
Bb3 Be7 8. Be3 O-O 9. Qe2 a6 10.
O-O-O Nxd4 11. Bxd4 b5 12. g4 e5 13. Be3 Bxg4 14.
f3 Be6 15. Rhg1 Bxb3 16. cxb3 Rc8 17. Kb1 b4 18. Na4 Rc6 19. Bh6 Ne8 20. Qe1 Kh8 21. Be3 Qb8 22. Qg3 Bf6 23. h4 Qc7 24. h5 h6 25. f4 exf4 26. Bxf4 Be5 27. Qe3 Bxf4 28.
Qxf4 Rg8 29. Rg2 Nf6 30. Rdg1 Nxh5 31. Qf3 Rc8 32. a3 Rc1+ 33. Ka2 Rxg1 34. Rxg1 Nf6 35. Qg3 Ne8 36. axb4 Qb7 37. Qe1 Rb8 38. Ka3 Qb5 39. Rg3 a5 40. bxa5 Nf6 41. Rc3 Nd7 42.
Qd2 Nc5 43. Nxc5 dxc5 44. Qd3 Qb4+ 45. Ka2 Qxa5+ 46. Kb1 Ra8 47. Kc2 Rd8 48. Qc4 Qc7 49. Qxc5 Qh2+ 50. Kc1 Qh1+ 51. Kc2 Qd1# 0-1

[Event "Late-Titled-Tuesday-Blitz-June-04-2024"]
[Site "Chess.com"]
[Date "2024.06.04"]
[Round "10"]
[White "denizozen"]
[Black "cassoulet"]
[Result "1-0"]
[WhiteElo "2944"]
[BlackElo "2771"]
[TimeControl "180+1"]
[EndTime "15:55:21 PDT"]
[Termination "denizozen won by resignation"]

1. e4 c5 2. Nf3 e6 3. d4 cxd4 4. Bg5 Ne7 5. Qxd4 Nbc6 6. Qd2 h6 7. Bh4 d5 8. Nc3 d4 9. Nb5 e5 10. c3 a6 11. Na3 g5 12. Bg3 Ng6 13. Nc2 g4 14.
Nxe5 Ngxe5 15. cxd4 Ng6 16. d5 Nce5 17. Be2 Bg7 18.
f4 gxf3 19. gxf3 Qb6 20. f4 Ng4 21. e5 h5 22. h3 h4 23. Bxg4 hxg3 24. O-O-O Nxf4 25. Rhe1 Bxg4 26. hxg4 Rh2 27. Qxf4 Rc8 28. Rd2 Rxd2 29.
Qxd2 Qg6 30. Kb1 Bh6 31. Qe2 Kf8 32. d6 Re8 33. Qf3 Qg5 34. Qxg3 Kg7 35. Qg1 Qd2 36. Rd1 Qe2 37. d7 Rd8 38. g5 Kh7 39. gxh6 Qxe5 40.
Qg7+ Qxg7 41. hxg7 Kxg7 42. Ne3 Kf6 43. Kc2 Ke6 44.
Kc3 Rxd7 45. Rxd7 Kxd7 46. Kd4 Kd6 47. Nc4+ Kc6 48. Ne5+ Kb5 49. Nxf7 a5 50. Nd6+ Kc6 51. Ne4 b5 52. b3 a4 53. b4 Kb6 54. Kd5 Ka6 55. Kc6 a3 56. Nc3 Ka7 57. Kxb5 Kb7 58. Ka5 Ka7 59. b5 1-0